 Dungeon Crawl Stone Soup version 0.18-a0-1574-g3f9d221 (webtiles) character file.

129 Gottschkopf the Ruffian (level 4, -11/35 HPs)
             Began as a Draconian Transmuter on Mar 16, 2016.
             Mangled by an ogre
             ... wielding a +0 giant spiked club
              (21 damage)
             ... on level 3 of the Dungeon.
             The game lasted 00:06:45 (2748 turns).

Gottschkopf the Ruffian (Draconian Transmuter)      Turns: 2748, Time: 00:06:45

Health: -11/35     AC:  5    Str: 13    XL:     4   Next: 88%
Magic:  5/7        EV: 12    Int: 14    God:
Gold:   153        SH:  0    Dex: 11    Spells: 3 memorised, 1 level left

rFire  . . .     SeeInvis .       - Unarmed
rCold  . . .     Gourm    .     (armour unavailable)
rNeg   . . .     Faith    .     (no shield)
rPois  .         Spirit   .     (helmet restricted)
rElec  .         Dismiss  .     (no cloak)
rCorr  .         Reflect  .     (no gloves)
SustAt .         Harm     .     (boots currently unavailable)
MR     .....                    (no amulet)
Stlth  +.........               (no ring)
                                (no ring)

@: appendage, not resistant to hostile enchantments, very unstealthy
A: unfitting armour, talons 3, cold-blooded, AC +5
a: End Transformation


You were on level 3 of the Dungeon.
You were not hungry.
You had grown temporary talons.
You visited 1 branch of the dungeon, and saw 3 of its levels.

You collected 153 gold pieces.

Inventory:

Missiles
 a - 28 arrows
Scrolls
 e - 2 scrolls of amnesia {unknown}
 h - 4 scrolls of identify {unknown}
 i - a scroll of noise {unknown}
 k - a scroll of fear {unknown}
 m - a scroll of enchant armour {unknown}
Potions
 d - 3 potions of invisibility {unknown}
 j - a potion of heal wounds {unknown}
Books
 b - a book of Changes

   Spells                             Type                      Level
   a - Beastly Appendage              Transmutation                1
   b - Sticks to Snakes               Transmutation                2
   c - Spider Form                    Transmutation/Poison         3
   d - Ice Form                       Ice/Transmutation            4
   e - Blade Hands                    Transmutation                5
Comestibles
 c - 2 bread rations
 g - 4 fruits
 l - a beef jerky


   Skills:
 - Level 1.1 Fighting
 - Level 1.7 Dodging
 - Level 4.2 Unarmed Combat
 - Level 2.0 Spellcasting
 * Level 3.4 Transmutations
 * Level 2.1 Poison Magic


You had one spell level left.
You knew the following spells:

 Your Spells              Type           Power        Failure   Level  Hunger
a - Beastly Appendage     Trmt           ##....       10%         1    ##.....
b - Sticks to Snakes      Trmt           ##......     12%         2    ###....
c - Spider Form           Trmt/Pois      #.........   24%         3    ####...


Dungeon Overview and Level Annotations

Branches:
Dungeon (3/15)

Altars:


Innate Abilities, Weirdness & Mutations

Your plain brown scales are hard (AC +5).
Your body does not fit into most forms of armour.
You are cold-blooded and may be slowed by cold attacks.
You have claws for feet.


Message History

The ogre is moderately wounded.
You barely miss the ogre.
The ogre is heavily wounded.
You feel sick. The ogre barely misses you.
Casting: Spider Form
Confirm with . or Enter, or press ? or * to list all spells.
Your feet morph into talons.
The ogre looks more healthy.
The ogre hits you with a giant spiked club!
You barely miss the ogre. You claw the ogre, but do no damage.
The ogre is heavily wounded.
The ogre misses you.
You barely miss the ogre.
The ogre is heavily wounded.
You hit the ogre.
The ogre is severely wounded.
You feel sick.
You are no longer poisoned.
The ogre hits you with a giant spiked club!!
Ouch! That really hurt!
You die...

########
##......##########
.'......((.......#
........########.#
###...).# #O# #####
#.....?# #@# #...#
..#.....# #.# #...##### #
##....# #.# #.......#
...### #.# #.......# ####
########.######......####
..............'......'...
########.######......###.
#.# #......# #. #######.#
#......# #.


You could see an ogre.

Vanquished Creatures
  An orc priest (D:3)
  3 adders
  An ooze (D:1)
  2 worms
  3 dart slugs
  4 orcs (D:3)
  2 ball pythons
  2 giant cockroaches (D:1)
  7 goblins
  4 hobgoblins
  3 jackals (D:1)
  A quokka (D:1)
  8 bats
  A giant newt (D:3)
  7 kobolds
  5 rats
54 creatures vanquished.

Notes
Turn   | Place    | Note
--------------------------------------------------------------
     0 | D:1      | Gottschkopf the Draconian Transmuter began the quest for the Orb.
     0 | D:1      | Reached XP level 1. HP: 16/16 MP: 3/3
   301 | D:1      | Reached XP level 2. HP: 20/23 MP: 5/5
   306 | D:1      | Learned a level 2 spell: Sticks to Snakes
   677 | D:1      | Reached skill level 4 in Unarmed Combat
   992 | D:1      | Reached XP level 3. HP: 28/28 MP: 4/6
   997 | D:1      | Learned a level 3 spell: Spider Form
  1609 | D:2      | Reached skill level 1 in Poison Magic
  2177 | D:3      | Reached XP level 4. HP: 35/35 MP: 0/7
  2720 | D:3      | Noticed an ogre
  2748 | D:3      | Mangled by an ogre

Vault maps used:
D:1:      dpeg_arrival_solitude
D:2:      kennysheep_generic_room_8
D:3:      grunt_pakellas_basics

Skill      XL: |  1  2  3  4 |
---------------+-------------+-----
Unarmed Combat | 4 |  4.2
Poison Magic   | 1 2 |  2.1
Transmutations | 3 |  3.4
Fighting       | |  1.1
Dodging        | |  1.7
Spellcasting   | |  2.0

Action                   |  1- 3 |  4- 6 || total
-------------------------+-------+-------++-------
Melee: Unarmed           |   124 |    44 ||   168
 Cast: Beastly Appendage |    25 |     6 ||    31
       Spider Form       |     3 |     1 ||     4
  Eat: Chunk             |     5 |     2 ||     7
